 Dungeon Crawl Stone Soup version 0.24.0 (webtiles) character file.

Game seed: 16569624513583505259, levelgen mode: deterministic

40 Iskender the Sneak (level 3, 0/26 HPs)
             Began as an Octopode Chaos Knight on Oct 25, 2019.
             Was a Plaything of Xom.
             Succumbed to an adder's poison
             ... on level 2 of the Dungeon.
             The game lasted 00:02:12 (663 turns).

Iskender the Sneak (Octopode Chaos Knight)           Turns: 663, Time: 00:02:14

Health: 0/26       AC:  1    Str: 16 (18) XL:     3   Next: 50%
Magic:  3/3        EV: 13    Int: 12 (14) God:    Xom [..*...]
Gold:   23         SH:  0    Dex:  8 (10) Spells: 2/2 levels left

rFire    . . .     SeeInvis .   a - +0 spear (chaos)
rCold    . . .     Gourm    .   (no shield)
rNeg     . . .     Faith    .   (helmet restricted)
rPois    .         Spirit   .   (no amulet)
rElec    .         Reflect  .   (no ring)
rCorr    .         Harm     .   (no ring)
MR       .....                  (no ring)
Stlth    +++.......             (no ring)
HPRegen  0.08/turn              (no ring)
MPRegen  0.08/turn              (no ring)
                                (no ring)
                                (no ring)

@: mighty, lethally poisoned (0 -> -6)
A: almost no armour, stealthy swim, amphibious, 8 rings, constrict 8, camouflage
1, blink, blurry vision 1, clumsy 1, strong 1, gelatinous body 1
a: Blink, Renounce Religion


You were on level 2 of the Dungeon.
You worshipped Xom.
You were a toy of Xom.
You were not hungry.

You visited 1 branch of the dungeon, and saw 2 of its levels.

You collected 23 gold pieces.

Inventory:

Hand Weapons
 a - a +0 spear of chaos (weapon)
 d - a +0 spear
Missiles
 e - 31 stones (quivered)
Scrolls
 f - a scroll of immolation
Comestibles
 b - 2 rations
 i - 3 chunks of flesh


   Skills:
 - Level 3.0 Fighting
 - Level 3.0 Polearms
 - Level 2.3 Dodging
 + Level 4.5 Stealth


You had 2 spell levels left.
You didn't know any spells.
Your spell library was empty.

Dungeon Overview and Level Annotations

Branches:
Dungeon (2/15)

Altars:


Innate Abilities, Weirdness & Mutations

You cannot wear most types of armour.
You are very stealthy in the water. (Stealth+)
You are amphibious.
You can wear up to eight rings at the same time.
You can use your tentacles to constrict eight enemies at once.
Your skin changes colour to match your surroundings (Stealth+).
Your rubbery body absorbs attacks. (AC +1, EV +1)
You can translocate small distances at will.
Scrolls take you a little longer to read.
You are clumsy. (Dex -2)
Your muscles are strong. (Str +2)


Message History

You feel very mighty all of a sudden.
You feel sick.
* * * LOW HITPOINT WARNING * * *
You feel sick.
* * * LOW HITPOINT WARNING * * *
You feel sick.
* * * LOW HITPOINT WARNING * * *
You feel sick.
* * * LOW HITPOINT WARNING * * *
You feel sick.
* * * LOW HITPOINT WARNING * * *
You feel sick.
* * * LOW HITPOINT WARNING * * *
You feel sick.
* * * LOW HITPOINT WARNING * * *
You feel sick.
* * * LOW HITPOINT WARNING * * *
You feel sick.
You die...
Xom is highly amused!

#######.# #.#
###..>....#
#.#
......##.##
#.#
##.##.#...####
#.#
#...........#
#.#
####.....##.##
#..........
#.....##.###
##.#####@#
#.#####.#
#.......#
#########


There were no monsters in sight!

Vanquished Creatures
  2 adders (D:2)
  2 dart slugs (D:1)
  A leopard gecko (D:1)
  2 bats
  2 goblins (D:1)
  4 hobgoblins (D:1)
  5 kobolds (D:1)
18 creatures vanquished.

Notes
Turn   | Place    | Note
-------+----------+-------------------------------------------
     0 | D:1      | Iskender the Octopode Chaos Knight began the quest for the
                  | Orb.
     0 | D:1      | Reached XP level 1. HP: 16/16 MP: 1/1
   143 | D:1      | XOM: butterfly on damage
   145 | D:1      | Reached skill level 1 in Stealth
   322 | D:1      | Reached skill level 2 in Stealth
   329 | D:1      | Reached XP level 2. HP: 21/21 MP: 2/2
   398 | D:1      | Reached skill level 3 in Stealth
   599 | D:2      | Reached skill level 4 in Stealth
   599 | D:2      | Reached XP level 3. HP: 21/26 MP: 3/3
   649 | D:2      | Gained mutation: You are clumsy. (Dex -2) [potion of
                  | mutation]
   649 | D:2      | Gained mutation: Your muscles are strong. (Str +2) [potion
                  | of mutation]
   649 | D:2      | Gained mutation: Scrolls take you a little longer to read.
                  | [potion of mutation]
   649 | D:2      | Gained mutation: You can translocate small distances at
                  | will. [potion of mutation]
   661 | D:2      | HP: 1/26 [poisoned by an adder]
   663 | D:2      | Succumbed to an adder's poison

Levels and vault maps discovered:
D:1:      lightli_arrival_windingriver, layout_basic
D:2:      layout_loops_corners, nicolae_ru_the_path_less_chosen,
          nicolae_overflow_crystal_walls, first_ration, minmay_goblin_outpost,
          uniq_crazy_yiuf_cottage
